 Dungeon Crawl Stone Soup version 0.30.0-29-ga12c61a403 (webtiles) character file.

Game seed: 12158994419833475202

142 bmack86 the Chopper (level 5, -1/45 HPs)
             Began as a Minotaur Fighter on June 21, 2023.
             Slain by Robin
             ... wielding a +0 spear
              (5 damage)
             ... on level 3 of the Dungeon.
             The game lasted 00:05:03 (1927 turns).

bmack86 the Chopper (Minotaur Fighter)              Turns: 1927, Time: 00:05:03

Health: -1/45      AC:  9    Str: 23    XL:     5   Next: 4%
Magic:  4/4        EV:  8    Int:  5    God:
Gold:   128        SH:  4    Dex:  9    Spells: 4/4 levels left

rFire   . . .        a - +0 war axe
rCold   . . .        c - +0 buckler
rNeg    . . .        q - +0 chain mail
rPois   .            (helmet restricted)
rElec   .            (no cloak)
rCorr   .            (no gloves)
SInv    .            (no boots)
Will    .....        (no amulet) Stlth
                     n - ring of flight
HPRegen 0.27/turn    (no ring)
MPRegen 0.09/turn

%: no passive effects
@: flying
A: horns 2, retaliatory headbutt
a: no special abilities


You were on level 3 of the Dungeon.
You visited 1 branch of the dungeon, and saw 3 of its levels.

You collected 128 gold pieces.

Inventory:

Hand Weapons
 a - a +0 war axe (weapon)
Missiles
 o - a throwing net (quivered)
Armour
 b - a +0 scale mail
 c - a +0 buckler (worn)
 q - a +0 chain mail (worn)
Jewellery
 n - a ring of flight (left hand)
Scrolls
 e - a scroll of magic mapping {unknown}
 f - 2 scrolls of fear {unknown}
 g - a scroll of vulnerability {unknown}
 l - a scroll of teleportation {unknown}
 r - a scroll of amnesia {unknown}
Potions
 d - a potion of might
 h - 2 potions of magic
 i - a potion of haste
 j - a potion of curing
 k - 3 potions of brilliance
 m - a potion of flight {unknown}
 p - a potion of attraction {unknown}


   Skills:
 - Level 3.6 Fighting
 + Level 6.4 Axes
 - Level 3.6 Armour
 - Level 3.6 Shields


You had 4 spell levels left.
You didn't know any spells.
Your spell library contained the following spells:

 Spells                   Type           Power      Damage    Failure   Level
 Simulacrum               Ice/Necr       0%         N/A       100%        6
 Ozocubu's Refrigeration  Ice            0%         4d7       100%        7
 Polar Vortex             Ice            0%         N/A       100%        9


Dungeon Overview and Level Annotations

Branches:
Dungeon (3/15)

Altars:

Annotations:
D:3 Robin


Innate Abilities, Weirdness & Mutations

You have a pair of horns on your head.
You reflexively headbutt those who attack you in melee.


Message History

* * * LOW HITPOINT WARNING * * *
You block the goblin's attack. Robin barely misses you.
You have reached level 5!
You feel better. Robin throws the goblin at you!
The goblin hits you with a +0 club.
* * * LOW HITPOINT WARNING * * *
The goblin barely misses you. x2
You hit the goblin.
You kill the goblin!
You closely miss the goblin. x2; Robin hits you but does no damage.
A hobgoblin comes into view.
The goblin barely misses you. You block the goblin's attack.
Unknown command.
The goblin attacks as you move away! The goblin hits you but does no damage.
A goblin comes into view. It is wielding a +0 dagger.
The goblin barely misses you.
Things that are here:
a +0 dagger; a +0 sling; a hobgoblin corpse You slash the goblin!
You kill the goblin!
You hit the goblin.
You kill the goblin!
Robin hits you from afar with a +0 spear.
* * * LOW HITPOINT WARNING * * *
Unknown command.
Robin barely misses you.
Items here: ))) †.
Robin hits you with a +0 spear.
* * * LOW HITPOINT WARNING * * *
You see here an adder corpse.
You barely miss Robin.
Robin says, "A pitiful Minotaur like you will never find the ORB!"
Robin hits you with a +0 spear.
* * * LOW HITPOINT WARNING * * *
You closely miss Robin. Robin hits you with a +0 spear.
* * * LOW HITPOINT WARNING * * *
You hit Robin but do no damage. You headbutt Robin!
Robin is heavily wounded.
Robin hits you but does no damage. Robin hits you with a +0 spear.
You die...

... .. .. #.#### ##.#..
.g#.# #...# #g.# ###...#
#@)# .....# #))# #...#
#..#####.### #...#
#..)........
#####...#####.#.#.#.####
...............###..
..............## #.#
...............# .# #
#####..)#####.#.# #


You could see Robin and a hobgoblin (strong).

Vanquished Creatures
  An orc priest (D:3)
  An orc wizard (D:3)
  An adder (D:3)
  A worm (D:2)
  A dart slug (D:1)
  2 orcs (D:3)
  4 ball pythons
  3 endoplasms (D:1)
  A giant cockroach (D:2)
  13 goblins
  7 hobgoblins
  8 jackals (D:1)
  8 kobolds
  4 quokkas
  2 bats (D:2)
  4 frilled lizards
  5 rats
66 creatures vanquished.

Notes
Turn   | Place    | Note
-------+----------+-------------------------------------------
     0 | D:1      | bmack86 the Minotaur Fighter began the quest for the Orb.
     0 | D:1      | Reached XP level 1. HP: 19/19 MP: 0/0
     3 | D:1      | Noticed an electric eel
     4 | D:1      | Noticed an electric eel
    89 | D:1      | Reached skill level 3 in Axes
    91 | D:1      | Reached XP level 2. HP: 25/26 MP: 1/1
   252 | D:1      | Reached skill level 4 in Axes
   421 | D:1      | Reached XP level 3. HP: 31/31 MP: 2/2
   705 | D:1      | You fall into a shaft and drop 1 floor!
  1064 | D:1      | Reached skill level 5 in Axes
  1726 | D:3      | Reached XP level 4. HP: 25/39 MP: 3/3
  1754 | D:3      | Reached skill level 6 in Axes
  1912 | D:3      | Noticed Robin
  1919 | D:3      | Reached XP level 5. HP: 5/45 MP: 4/4
  1927 | D:3      | Slain by Robin

Illustrated notes

Levels and vault maps discovered:
D:1:      arrival_aquarium_b, layout_basic
D:2:      layout_basic, minmay_misc_feat_tower, kennysheep_generic_room_2
D:3:      layout_loops_cross, uniq_robin

Skill      XL: |  1  2  3  4 |
---------------+-------------+-----
Axes           | 3 4 5 6 |  6.4
Fighting       | |  3.6
Armour         | |  3.6
Shields        | |  3.6

Action                     |  1- 3 |  4- 6 || total
---------------------------+-------+-------++-------
  Melee: War axe           |   107 |    31 ||   138
         Headbutt          |    12 |     4 ||    16
    Use: Scroll            |       |     4 ||     4
         Potion            |       |     1 ||     1
 Armour: Scale mail        |    47 |       ||    47
         Chain mail        |     6 |    37 ||    43
  Dodge: Dodged            |    65 |    25 ||    90
  Block: Buckler           |    36 |     3 ||    39
